 Dungeon Crawl Stone Soup version 0.23.2-40-g277498a001 (webtiles) character file.

Game seed: 12651158253298039332

240 Martska the Ducker (level 6, 0/46 HPs)
             Began as a Merfolk Ice Elementalist on Sept 29, 2019.
             Was an Initiate of Okawaru.
             Succumbed to a worker ant's poison
             ... on level 5 of the Dungeon.
             The game lasted 00:14:30 (3328 turns).

Martska the Ducker (Merfolk Ice Elementalist)       Turns: 3328, Time: 00:14:31

Health: 0/46       AC:  4    Str:  9    XL:     6   Next: 8%
Magic:  2/10       EV: 14    Int: 14    God:    Okawaru [......]
Gold:   302        SH:  0    Dex: 16    Spells: 9/10 levels left

rFire    . . .     SeeInvis .   u - +0 spear
rCold    . . .     Gourm    .   (no shield)
rNeg     . . .     Faith    .   k - +0 leather armour
rPois    .         Spirit   .   (no helmet)
rElec    .         Reflect  .   (no cloak)
rCorr    .         Harm     .   r - +0 pair of gloves
MR       .....                  (no boots)
Stlth    ++........             (no amulet)
HPRegen  0.15/turn              (no ring)
MPRegen  0.12/turn              (no ring)

@: lethally poisoned (0 -> -8)
A: change form in water, swift swim, stealthy swim
a: Renounce Religion


You were on level 5 of the Dungeon.
You worshipped Okawaru.
Okawaru was noncommittal.
You were not hungry.

You visited 1 branch of the dungeon, and saw 5 of its levels.

You collected 302 gold pieces.

Inventory:

Hand Weapons
 b - a +0 hand axe
 u - a +0 spear (weapon)
Missiles
 y - 13 bolts
Armour
 a - a +0 robe
 i - a +0 plate armour
 k - a +0 leather armour (worn)
 m - a +3 chain mail
 r - a +0 pair of gloves (worn)
Jewellery
 o - a +4 ring of intelligence {unknown}
 s - a +3 ring of protection {unknown}
Wands
 q - a wand of paralysis (7)
Scrolls
 d - a scroll of immolation {unknown}
 e - 2 scrolls of remove curse {unknown}
 f - 2 scrolls of identify {unknown}
 j - 2 scrolls of teleportation {unknown}
 p - a scroll of noise {unknown}
 w - a scroll of enchant weapon {unknown}
Potions
 g - a potion of brilliance {unknown}
 h - 2 potions of mutation {unknown}
 l - a potion of heal wounds {unknown}
 n - 3 potions of curing {unknown}
 t - a potion of flight {unknown}
 v - a potion of haste {unknown}
 x - a potion of ambrosia {unknown}
 z - a potion of might {unknown}
Comestibles
 c - a ration


   Skills:
 + Level 2.8 Fighting
 * Level 2.4 Polearms
 + Level 4.9 Dodging
 - Level 3.0 Stealth
 + Level 2.7 Spellcasting
   Level 0.7 Conjurations
 + Level 4.0 Ice Magic


You had 9 spell levels left.
You knew the following spells:

 Your Spells              Type           Power        Failure   Level  Hunger
a - Freeze                Ice            ##..         6%          1    #......

Your spell library contained the following spells:

 Spells                   Type           Power        Failure   Level  Hunger
 Throw Frost              Conj/Ice       #.....       19%         2    ###....
 Ozocubu's Armour         Chrm/Ice       #.......     38%         3    ###....
 Throw Icicle             Conj/Ice       #.......     75%         4    #####..
 Summon Ice Beast         Ice/Summ       #.......     80%         4    #####..


Dungeon Overview and Level Annotations

Branches:
Dungeon (5/15)
 Temple: D:4-7

Altars:
Dithmenos
Okawaru
Wu Jian
Zin


Message History

You feel agile.
* * * LOW HITPOINT WARNING * * *
You feel sick. The adder bites you but does no damage.
* * * LOW HITPOINT WARNING * * *
You feel sick.
* * * LOW HITPOINT WARNING * * *
You feel sick.
* * * LOW HITPOINT WARNING * * *
You feel sick.
* * * LOW HITPOINT WARNING * * *
You feel sick. The adder misses you.
* * * LOW HITPOINT WARNING * * *
You feel sick. The adder bites you.
* * * LOW HITPOINT WARNING * * *
The worker ant waves its antennae.
* * * LOW HITPOINT WARNING * * *
You feel sick. The adder closely misses you.
* * * LOW HITPOINT WARNING * * *
You feel sick. The worker ant barely misses you. The adder barely misses you.
You die...

#####...# #.....#
##...##..# #...#
##.....##.# ##†##
#.....(.#.# #.#
#.#._.#.#.# #.#
..##.##...# ##.######.
...###...#######.........
#........##..[#aS...#####
##..........#.@.....#
#...###.##...###.### #..#
#.###### ### #.# #.# #.
..# # ###


You could see a worker ant and an adder.

Vanquished Creatures
  A scorpion (D:3)
  A bullfrog skeleton (D:4)
  An iguana (D:4)
  3 worker ants
  2 adders
  A leopard gecko (D:2)
  4 giant cockroaches
  7 hobgoblins
  8 jackals
  8 bats
  8 frilled lizards
  A goblin (D:3)
  8 kobolds
  A rat (D:2)
54 creatures vanquished.

Notes
Turn   | Place    | Note
-------+----------+-------------------------------------------
     0 | D:1      | Martska the Merfolk Ice Elementalist began the quest for
                  | the Orb.
     0 | D:1      | Reached XP level 1. HP: 13/13 MP: 3/3
   361 | D:1      | Reached XP level 2. HP: 20/20 MP: 0/5
  1000 | D:2      | Reached skill level 1 in Fighting
  1249 | D:2      | Reached XP level 3. HP: 24/26 MP: 1/6
  1578 | D:3      | Noticed a scorpion
  1594 | D:3      | Killed a scorpion
  1594 | D:3      | Reached XP level 4. HP: 26/33 MP: 1/7
  1868 | D:3      | Found an iron altar of Okawaru.
  1876 | D:3      | Became a worshipper of Warmaster Okawaru
  2211 | D:3      | Reached XP level 5. HP: 32/38 MP: 3/8
  2654 | D:4      | Reached skill level 1 in Polearms
  2699 | D:4      | Found an ornate altar of the Wu Jian Council.
  2982 | D:4      | Found a glowing silver altar of Zin.
  3267 | D:5      | Entered Level 5 of the Dungeon
  3277 | D:5      | Found a shadowy altar of Dithmenos.
  3320 | D:5      | Reached XP level 6. HP: 14/46 MP: 1/10
  3326 | D:5      | HP: 2/46 [poisoned by a worker ant]
  3328 | D:5      | Succumbed to a worker ant's poison

Skill      XL: |  1  2  3  4  5 |
---------------+----------------+-----
Dodging        | 3 4 |  4.9
Fighting       | 1 2 |  2.8
Stealth        | 3 |  3.0
Polearms       | 2 |  2.4
Ice Magic      | 4 |  4.0
Spellcasting   | |  2.7
Conjurations   | |  0.7

Action                   |  1- 3 |  4- 6 || total
-------------------------+-------+-------++-------
Melee: Hand axe          |    32 |    21 ||    53
       Spear             |       |    49 ||    49
 Cast: Freeze            |    33 |    44 ||    77
 Stab: Sleeping          |     1 |     3 ||     4
  Eat: Ration            |     1 |     2 ||     3
       Chunk             |       |     1 ||     1
Armor: Robe              |     8 |       ||     8
       Leather armour    |     8 |    32 ||    40
Dodge: Dodged            |    54 |   111 ||   165
